AoeStats
← TrOuLi

Arena

508644651Analyzed
3v3 RM · 8d ago on Sep 23, 2026· 48m 15s· 6 players
Game mode
Random Map
Map size
Normal (6 player)
Population
200
Speed
Normal
Resources
Standard
Victory
Conquest
Starting age
Dark Age
Ending age
Imperial Age
RankedLock teamsTeams togetherTeam positionsShared explorationLock speedFull tech treeHidden civsTurbo modeCheats
Victory
Defeat
🇨🇳 Varangians · China
823
+9
🇷🇺 Varangians · Russia
814
+9
716
+13
🇮🇳 Bohemians · India
739
-13
🇨🇳 Cumans · China
656
-10
🇵🇱 Franks · Poland
570
-8
Jupiter
0:47 Loom
10:09 Feudal Age
TrOuLi
13:46 Feudal Age
21:13 Double-Bit Axe
22:52 Gold Mining
22:54 Stone Mining
30:19 Castle Age
36:34 Gold Shaft Mining
39:23 Bow Saw
41:41 Fortified Wall
41:42 Masonry
464408627
5:06 Loom
12:54 Feudal Age
13:30 Horse Collar
13:38 Double-Bit Axe
13:47 Gold Mining
13:48 Stone Mining
20:10 Wheelbarrow
19:20 Town Watch
19:26 Town Watch
23:43 Bloodlines
26:55 Castle Age
27:27 Scale Mail Armor
27:41 Forging
27:36 Scale Barding Armor
27:32 Padded Archer Armor
27:23 Fletching
27:40 Heavy Plow
27:55 Bow Saw
28:23 Gold Shaft Mining
28:10 Hand Cart
27:55 Town Patrol
28:42 Thumb Ring
29:18 Iron Casting
33:06 Imperial Age
31:01 Steppe Husbandry
31:26 Chain Barding Armor
32:07 Masonry
32:18 Leather Archer Armor
32:56 Caravan
34:48 Ballistics
35:29 Chemistry
35:19 Bodkin Arrow
35:55 Ring Archer Armor
36:33 Plate Barding Armor
37:17 Blast Furnace
36:50 Conscription
35:54 Elite Kipchak
37:25 Hoardings
36:47 Capped Ram
36:55 Elite Steppe Lancer
38:07 Cuman Mercenaries
38:51 Parthian Tactics
37:54 Siege Ram
stone wall builder
10:38 Feudal Age
14:05 Castle Age
12:09 Double-Bit Axe
12:28 Horse Collar
15:36 Bow Saw
15:28 Heavy Plow
16:05 Wheelbarrow
23:25 Hand Cart
23:29 Gold Mining
23:31 Stone Mining
27:55 Imperial Age
25:31 Loom
25:31 Town Watch
26:25 Forging
26:15 Scale Mail Armor
26:21 Treadmill Crane
26:52 Fortified Wall
28:04 Caravan
30:06 Two-Man Saw
29:30 Conscription
28:30 Elite Jarl
30:37 Iron Casting
30:17 Chain Mail Armor
30:08 Scale Barding Armor
30:41 Coinage
30:21 Guilds
32:03 Banking
31:51 Town Patrol
33:52 Stone Shaft Mining
33:50 Bloodlines
33:41 Husbandry
34:43 Blast Furnace
34:04 Chain Barding Armor
37:52 Plate Barding Armor
37:48 Plate Mail Armor
37:08 Fletching
37:18 Padded Archer Armor
37:43 Gothikon
37:44 Vendel Legacy
38:55 Devotion
40:48 Masonry
40:59 Ballistics
41:39 Chemistry
40:45 Siege Engineers
40:36 Murder Holes
40:32 Heated Shot
40:32 Guard Tower
40:48 Siphons
41:03 Shipwright
40:54 Clinker Construction
40:54 Careening
40:19 Elite Varangian Guard
40:21 Man-at-Arms
40:21 Pikeman
40:47 Gambesons
41:02 Squires
40:48 Arson
40:26 Light Cavalry
40:26 Cavalier
40:30 Crossbowman
40:30 Elite Skirmisher
40:31 Heavy Mounted Crossbowman
40:36 Cranequins
40:57 Capped Ram
45:59 Architecture
TY90的速度是秒速两千米
10:54 Feudal Age
11:34 Double-Bit Axe
11:36 Horse Collar
14:36 Castle Age
15:57 Bow Saw
16:18 Heavy Plow
17:09 Wheelbarrow
22:32 Hand Cart
22:25 Gold Mining
22:47 Stone Mining
24:03 Loom
24:49 Treadmill Crane
26:13 Gold Shaft Mining
26:14 Stone Shaft Mining
29:13 Imperial Age
27:10 Ballistics
27:44 Forging
27:40 Scale Barding Armor
27:55 Siege Engineers
28:03 Masonry
29:24 Bloodlines
29:53 Iron Casting
29:39 Chain Barding Armor
28:51 Light Cavalry
29:33 Husbandry
30:57 Chemistry
30:19 Conscription
30:37 Devotion
30:00 Elite Steppe Lancer
31:48 Blast Furnace
31:28 Crop Rotation
32:07 Two-Man Saw
31:54 Caravan
32:32 Plate Barding Armor
33:12 Coinage
32:53 Guilds
32:37 Fletching
37:56 Block Printing
37:02 Heavy Rocket Cart
37:44 Fortified Bastions
38:22 Hoardings
38:02 Fortified Wall
38:22 Architecture
37:38 Arrowslits
37:47 Guard Tower
43:58 Keep
43:19 Murder Holes
43:23 Bodkin Arrow
43:29 Padded Archer Armor
44:52 Banking
45:20 Heavy Scorpion
45:20 Capped Ram
45:22 Heavy Cavalry Archer
45:23 Elite Skirmisher
45:23 Crossbowman
45:52 Gambesons
46:07 Squires
45:52 Arson
45:28 Elite Fire Lancer
45:29 Man-at-Arms
45:29 Pikeman
46:14 Atonement
stone wall killer
10:00 Feudal Age
13:36 Castle Age
11:33 Double-Bit Axe
11:53 Horse Collar
13:12 Loom
14:00 Scale Mail Armor
14:02 Gambesons
18:20 Heavy Plow
19:16 Fervor
20:34 Wheelbarrow
26:44 Imperial Age
24:40 Bow Saw
25:32 Hand Cart
25:44 Town Watch
28:19 Crop Rotation
28:49 Illumination
29:09 Stone Mining
29:59 Chain Mail Armor
30:40 Stone Shaft Mining
29:56 Treadmill Crane
31:56 Two-Man Saw
31:54 Gold Mining
32:44 Theocracy
32:31 Guilds
33:21 Town Patrol
33:56 Caravan
34:53 Plate Mail Armor
35:02 Ballistics
34:13 Capped Ram
35:12 Forging
36:51 Conscription
37:52 Chemistry
37:43 Masonry
37:39 Siege Engineers
38:42 Iron Casting
38:28 Scale Barding Armor
38:39 Elite Jarl
40:19 Bloodlines
39:32 Gothikon
40:48 Husbandry
40:14 Vendel Legacy
41:22 Chain Barding Armor
42:43 Blast Furnace
42:53 Plate Barding Armor
42:27 Fletching
43:11 Architecture
42:37 Murder Holes
44:00 Siege Ram
45:07 Fortified Wall
45:47 Bodkin Arrow
48:48 Squires
Connection lost

Rejoining the realm…

Still unreachable

The connection could not be restored.

Session expired

The server has moved on; the page needs a fresh start.